 Dungeon Crawl Stone Soup version 0.30-a0-924-g0ad0bf95bc (console) character file.

Game seed: 3737056658952142782

11287 utis the Devastator (level 11, -11/67 HPs)
             Began as a Tengu Wanderer on Mar 22, 2023.
             Mangled by a blink frog (12 damage)
             ... on level 1 of the Lair of Beasts.
             The game lasted 00:45:20 (14969 turns).

utis the Devastator (Tengu Wanderer)               Turns: 14969, Time: 00:45:21

Health: -11/67     AC: 15    Str: 15    XL:     11   Next: 75%
Magic:  16/16      EV: 14    Int: 17    God:
Gold:   616        SH: 10    Dex: 15    Spells: 9/16 levels left

rFire   . . .      SeeInvis .    a - +1 dagger (venom)
rCold   . . .      Faith    .    j - +0 buckler
rNeg    + + +      Spirit   .    H - +3 scale mail "Riniegav" {rCorr Str+2}
rPois   .          Reflect  +    v - +2 hat
rElec   .          Rampage  .    w - +1 cloak
rCorr   +                        O - +0 pair of gloves of Tulips {rN+++ Will+ Int+2}
Will    .....                    (boots unavailable) Stlth
                                 F - amulet of reflection
HPRegen 0.31/turn                (no ring)
MPRegen 0.15/turn                (no ring)

@: weak-willed, flying quickly and evasively, quick
A: beak, talons 3, nimble flight
a: no special abilities


You were on level 1 of the Lair of Beasts.
You visited 2 branches of the dungeon, and saw 11 of its levels.

You collected 616 gold pieces.

Inventory:

Hand Weapons
 a - a +1 dagger of venom (weapon)
 b - a +2 flail of holy wrath
 x - a +2 quarterstaff of chaos
 y - a +0 spear
 z - a +0 rapier of flaming
 G - a +0 short sword
 N - a +4 spear
 P - a +1 dagger of pain
Missiles
 h - 74 stones
 k - 45 poisoned darts
Armour
 d - a +0 leather armour
 j - a +0 buckler (worn)
 l - a +1 ring mail of poison resistance
 v - a +2 hat (worn)
 w - a +1 cloak (worn)
 H - the +3 scale mail "Riniegav" (worn) {rCorr Str+2}
   (You found it on level 4 of the Dungeon)

   Str:       It affects your strength (+2).
   rCorr:     It protects you from acid and corrosion.
 O - the +0 pair of gloves of Tulips (worn) {rN+++ Will+ Int+2}
   (You found it on level 7 of the Dungeon)

   Int:       It affects your intelligence (+2).
   rN:        It renders you almost immune to negative energy.
   Will:      It increases your willpower.
Jewellery
 c - a ring of ice
 g - an amulet of regeneration {@e1}
 C - a ring of ice
 F - an amulet of reflection (around neck)
 S - the ring "Vuijooph" {Fly rCorr MP+9 Str-5 Int+6}
   (You found it on level 10 of the Dungeon)

   [ring of intelligence]

   Str:       It affects your strength (-5).
   Int:       It affects your intelligence (+6).
   MP:        It affects your magic capacity (+9).
   Fly:       It grants you flight.
   rCorr:     It protects you from acid and corrosion.
Wands
 e - a wand of light (2)
 B - a wand of flame (16)
 U - a wand of iceblast (12)
Scrolls
 m - 2 scrolls of poison
 n - a scroll of silence {unknown}
 o - 4 scrolls of magic mapping
 q - a scroll of brand weapon
 s - a scroll of teleportation {unknown}
 t - 2 scrolls of enchant weapon
 E - 2 scrolls of enchant armour
 I - a scroll of blinking
 J - a scroll of fog {unknown}
 L - a scroll of vulnerability
 M - a scroll of noise
Potions
 f - 2 potions of cancellation
 i - 2 potions of haste {unknown}
 p - 2 potions of lignification
 r - 4 potions of invisibility
 u - 2 potions of berserk rage {!q}
 A - 2 potions of heal wounds {@q2}
 D - 5 potions of curing {@q1}
 Q - a potion of brilliance {unknown}
 R - a potion of mutation {unknown}
 V - a potion of might
Miscellaneous
 T - a phantom mirror


   Skills:
 * Level 7.1 Fighting
 - Level 2.0 Short Blades
 - Level 2.1 Polearms
 + Level 3.5 Armour
 + Level 8.1 Dodging
 - Level 1.0 Stealth
 - Level 4.0 Shields
 - Level 3.0 Spellcasting
 + Level 15.5 Conjurations
 - Level 8.0 Fire Magic


You had 9 spell levels left.
You knew the following spells:

 Your Spells              Type           Power      Damage    Failure   Level
b - Searing Ray           Conj           100%       2d8       1%          2
y - Sticky Flame          Conj/Fire      42%        2d6       7%          4
Y - Foxfire               Conj/Fire      100%       2x1d9     1%          1

Your spell library contained the following spells:

 Spells                   Type           Power      Damage    Failure   Level
 Magic Dart               Conj           100%       1d8       1%          1
 Shock                    Conj/Air       100%       1d9       3%          1
 Dazzling Flash           Conj/Hex       58%        N/A       11%         3
 Fulminant Prism          Conj/Hex       14%        3d8       34%         4
 Iskenderun's Mystic Bla  Conj/Tloc      29%        2d7       34%         4
 Ignite Poison            Fire/Tmut/Pois 11%        N/A       65%         3
 Kindle Blastsparks       Fire/Tloc/Air  22%        2d11      65%         3
 Irradiate                Conj/Tmut      14%        3d16      67%         5
 Starburst                Conj/Fire      21%        6d7       71%         6
 Call Imp                 Summ           2%         N/A       77%         2
 Cigotuvi's Dreadful Rot  Necr/Pois/Air  4%         N/A       77%         2
 Ensorcelled Hibernation  Hex/Ice        4%         N/A       77%         2
 Passwall                 Tmut/Erth      1%         N/A       77%         2
 Sublimation of Blood     Necr           2%         N/A       77%         2
 Call Canine Familiar     Summ           2%         N/A       94%         3
 Swiftness                Air            2%         N/A       94%         3
 Vhi's Electric Charge    Tloc/Air       4%         N/A       94%         3
 Airstrike                Air            1%         2d(1-17)  100%        4
 Petrify                  Tmut/Erth      2%         N/A       100%        4
 Agony                    Necr           2%         N/A       100%        5
 Lee's Rapid Deconstruct  Erth           1%         3d4*      100%        5
 Silence                  Hex/Air        1%         N/A       100%        5
 Ignition                 Fire           14%        3d6       100%        8
 Dragon's Call            Summ           1%         N/A       100%        9


Dungeon Overview and Level Annotations

Branches:
Dungeon (10/15)            Temple (0/1) D:5            Lair (1/5) D:10
    Orc: D:9-12

Altars:
Ashenzari
Cheibriados
Elyvilon
Fedhas
Gozag
Makhleb
Nemelex Xobeh
Okawaru
Qazlal
Ru
Vehumet
Zin
The Shining One

Shops:
D:1 (

Annotations:
D:10 Psyche
Lair:1 Fannar


Innate Abilities, Weirdness & Mutations

You have a beak for a mouth.
You have claws for feet.
Your magical nature lets you fly swiftly and evasively.


Message History

The blink frog completely misses you.
Unknown command.
Unknown command.
The blink frog blinks!
The blink frog hits you.
* * * LOW HITPOINT WARNING * * *
The blink frog blinks!
You block the blink frog's attack.
As you read the scroll of fear, it crumbles to dust.
You assume a fearsome visage.
The ice beast resists with some effort.
The blink frog looks frightened!
The blink frog resists with some effort.
The blink frog looks frightened! x3; The blink frog blinks! x6
The blink frog blinks! x4
As you read the scroll of fear, it crumbles to dust.
You assume a fearsome visage.
The ice beast looks frightened!
The blink frog resists with some effort.
The blink frog looks frightened!
The blink frog blinks! x2
You block the blink frog's attack.
The blink frog blinks! x3
You block the blink frog's attack.
The blink frog blinks! x3
The blink frog attacks as you move away!
The blink frog completely misses you.
The blink frog blinks!
The blink frog blinks! x3
The blink frog blinks!
The blink frog blinks!
The blink frog blinks!
The blink frog blinks! x3
The blink frog blinks!
The blink frog blinks!
The blink frog blinks! x2
Unknown command.
Unknown command.
The blink frog hits you!
* * * LOW HITPOINT WARNING * * *
The blink frog blinks!
The blink frog seems to regain its courage.
The blink frog hits you!
* * * LOW HITPOINT WARNING * * *
The blink frog hits you!
You die...

.░....⚶...........░░
.░......░░░░░.░...⚵░
.░......░ ░░░...░░
.░░.░░░.░ ░░...░
........░ ░..F.░
░░░░░...░ ░░..§░
░...░ ░...░░ ░░░...░
░░░....░
░░░.....░░░░░.░FQ..░
..................░░
░░░░░░░░░.░.░░░░░░░
░░░░░


You could see 2 blink frogs.

Vanquished Creatures
  A boulder beetle (D:10)
  A centaur warrior (D:10)
  2 two-headed ogres
  A manticore (D:10)
  A komodo dragon (D:10)
  Grinder (D:6)
  Sigmund (D:3)
  6 wyverns
  4 wraiths
  13 yaks
  Edmund (D:4)
  An acid dragon (D:10)
  2 water moccasins (D:9)
  An orc warrior (D:8)
  An ice beast (D:6)
  3 sky beasts
  A swamp drake (D:10)
  3 black bears
  4 ogres
  4 centaurs
  4 phantoms
  7 bullfrogs
  A kobold brigand (D:7)
  12 wights
  6 killer bees (D:8)
  2 howler monkeys
  A crimson imp (D:8)
  3 hounds
  5 orc priests
  Crazy Yiuf (D:3)
  2 gnoll boudas
  4 iguanas
  9 orc wizards
  5 adders
  5 gnolls (D:6)
  A white imp (D:3)
  2 dart slugs
  34 orcs
  6 ball pythons
  4 bats
  7 endoplasms
  9 giant cockroaches
  6 goblins
  5 hobgoblins
  4 jackals (D:2)
  14 kobolds
  7 quokkas
  7 frilled lizards
  A goblin skeleton (D:8)
  A goblin zombie (D:8)
  6 hobgoblin zombies (D:8)
  A kobold skeleton (D:8)
  2 orc skeletons (D:8)
  2 rats
238 creatures vanquished.

Vanquished Creatures (collateral kills)
  A foxfire (D:5)
1 creature vanquished.

Vanquished Creatures (others)
  291 foxfires
  4 plants (D:5)
295 creatures vanquished.

Grand Total: 534 creatures vanquished

Notes
Turn   | Place    | Note
-------+----------+-------------------------------------------
     0 | D:1      | utis the Tengu Wanderer began the quest for the Orb.
     0 | D:1      | utis set off with the following items: a +0 spear, a +0
                  | buckler, a potion of heal wounds {@q2}, a +0 leather
                  | armour; and the following spell memorised: Foxfire; and the
                  | following spells available to memorise: Ignite Poison,
                  | Sticky Flame.
     0 | D:1      | Reached XP level 1. HP: 10/10 MP: 3/3
   102 | D:1      | Reached skill level 1 in Conjurations
   160 | D:1      | Reached XP level 2. HP: 15/15 MP: 2/4
   445 | D:1      | Found Febbuuss's Antique Weapon Shop.
   619 | D:1      | Reached skill level 2 in Conjurations
   821 | D:1      | Reached XP level 3. HP: 19/19 MP: 5/5
  1659 | D:2      | Found a faded altar of an unknown god.
  1683 | D:2      | Reached XP level 4. HP: 24/24 MP: 6/6
  1710 | D:2      | Reached skill level 3 in Conjurations
  2308 | D:3      | Found an iron altar of Okawaru.
  2451 | D:3      | Gained mutation: Your magical nature lets you fly swiftly
                  | and evasively. [Tengu growth]
  2451 | D:3      | Reached XP level 5. HP: 23/28 MP: 3/8
  2547 | D:3      | Reached skill level 4 in Conjurations
  2935 | D:3      | Noticed Sigmund
  3073 | D:3      | Killed Sigmund
  3074 | D:3      | Reached skill level 5 in Conjurations
  3074 | D:3      | Reached XP level 6. HP: 10/32 MP: 3/10
  3601 | D:3      | Found a snail-covered altar of Cheibriados.
  3646 | D:3      | Found a runed translucent door.
  3647 | D:3      | Noticed Crazy Yiuf
  3708 | D:3      | Killed Crazy Yiuf
  4025 | D:4      | Learned a level 4 spell: Sticky Flame
  4028 | D:4      | Learned a level 2 spell: Searing Ray
  4073 | D:4      | Noticed Edmund
  4082 | D:4      | Killed Edmund
  4083 | D:4      | Reached skill level 1 in Short Blades
  4083 | D:4      | Reached XP level 7. HP: 30/37 MP: 11/11
  4128 | D:4      | Found a sparkling altar of Nemelex Xobeh.
  4136 | D:4      | Identified the +3 scale mail "Riniegav" {rCorr Str+2}
  4239 | D:4      | Reached skill level 1 in Fighting
  4303 | D:4      | Reached skill level 6 in Conjurations
  4440 | D:4      | Found a radiant altar of Vehumet.
  4553 | D:4      | Found a stormy altar of Qazlal.
  4849 | D:4      | Found a sacrificial altar of Ru.
  4910 | D:4      | Found a broken altar of Ashenzari.
  4955 | D:5      | Entered Level 5 of the Dungeon
  5226 | D:5      | Found a staircase to the Ecumenical Temple.
  5360 | D:5      | Reached skill level 7 in Conjurations
  5467 | D:5      | Reached XP level 8. HP: 43/43 MP: 12/12
  5706 | D:5      | Reached skill level 8 in Conjurations
  6067 | D:5      | Reached skill level 5 in Dodging
  7065 | D:6      | Reached skill level 9 in Conjurations
  7065 | D:6      | Reached skill level 5 in Fire Magic
  7065 | D:6      | Reached XP level 9. HP: 51/51 MP: 11/13
  7494 | D:6      | Noticed Grinder
  7499 | D:6      | Paralysed by Grinder for 2 turns
  7623 | D:6      | Killed Grinder
  7789 | D:6      | Found a white marble altar of Elyvilon.
  8631 | D:7      | Found a glowing silver altar of Zin.
  8653 | D:7      | Found a burning altar of Makhleb.
  8728 | D:7      | Reached skill level 10 in Conjurations
  8959 | D:7      | Reached skill level 5 in Fighting
  8977 | D:7      | Identified the +0 pair of gloves of Tulips {rN+++ Will+
                  | Int+2}
  9402 | D:8      | Found a glowing golden altar of the Shining One.
  9571 | D:8      | Reached XP level 10. HP: 59/59 MP: 14/14
  9778 | D:8      | Reached skill level 11 in Conjurations
 10212 | D:8      | Found an opulent altar of Gozag.
 10363 | D:8      | Identified the +4 chain mail "Picrivie" {Slay+3}
 11002 | D:9      | Noticed a two-headed ogre
 11038 | D:9      | Killed a two-headed ogre
 11039 | D:9      | Reached skill level 12 in Conjurations
 11229 | D:9      | Reached skill level 13 in Conjurations
 11742 | D:9      | Reached skill level 14 in Conjurations
 11957 | D:10     | Entered Level 10 of the Dungeon
 12000 | D:10     | Found a blossoming altar of Fedhas.
 12141 | D:10     | Noticed a manticore
 12166 | D:10     | Killed a manticore
 12167 | D:10     | Reached XP level 11. HP: 33/63 MP: 11/16
 12337 | D:10     | Noticed a two-headed ogre
 12354 | D:10     | Killed a two-headed ogre
 12355 | D:10     | Reached skill level 1 in Armour
 12690 | D:10     | Noticed Psyche
 12761 | D:10     | Reached skill level 15 in Conjurations
 13241 | D:10     | Noticed a boulder beetle
 13242 | D:10     | Noticed a centaur warrior
 13281 | D:10     | Identified the ring "Vuijooph" {Fly rCorr MP+9 Str-5 Int+6}
 13420 | D:10     | Killed a boulder beetle
 13589 | D:10     | Killed a centaur warrior
 13844 | D:10     | Got Hiowuon's Folio of Shocking Phantasms
 14214 | D:10     | Found a staircase to the Lair.
 14632 | Lair:1   | Entered Level 1 of the Lair of Beasts
 14865 | Lair:1   | Noticed Fannar
 14969 | Lair:1   | HP: 1/67 [blink frog (11)]
 14969 | Lair:1   | Mangled by a blink frog

Illustrated notes

Levels and vault maps discovered:
D:1:      ncdulo_wetmaze, layout_rooms, serial_shops, nicolae_shop_stone
D:2:      layout_loops_cross, basic_ecumenical_altar, serial_rivers,
          chequers_serial_rivers_small_b, chequers_serial_rivers_micro_e,
          chequers_serial_rivers_large_a, chequers_serial_rivers_large_b,
          chequers_serial_rivers_room_a, chequers_serial_rivers_micro_b,
          minmay_misc_feat_four_crosses, kennysheep_generic_room_16
D:3:      layout_basic, mainiacjoe_overflow_surrounded_room, marbit_many_paths,
          uniq_sigmund, uniq_crazy_yiuf_cottage
D:4:      layout_loops_ring, lemuel_round_altar,
          nemelex_xobeh_ov_fountains_minmay, vehumet_altar_wand_db,
          mainiacjoe_overflow_two_lobes, minmay_misc_feat_enclosed, uniq_edmund
D:5:      layout_basic, minmay_temple_entry_gardened_gates,
          chequers_serial_rivers_micro_c
D:6:      layout_loops_ring, mainiacjoe_overflow_boulevard, uniq_grinder
D:7:      kennysheep_spiral_hall, layout_loops_ring,
          mainiacjoe_overflow_brackets, mainiacjoe_overflow_alcove_4
D:8:      layout_loops_ring, nicolae_tso_besieged_by_evil, grunt_gozag_statues
D:9:      layout_basic, hangedman_decor_clover_reticule
D:10:     layout_loops_ring, overflow_temple_1_default, erik_lair_dragon,
          minmay_fountain_box, hex_large, minmay_mirror_moons_of_madness,
          uniq_psyche
Lair:1:   layout_chaotic_city, uniq_fannar

Skill      XL: |  1  2  3  4  5  6  7  8  9 10 11 |
---------------+----------------------------------+-----
Conjurations   | 1 2 3 5 7 9 10 14 15 | 15.5
Dodging        | 2 3 4 5 7 8 |  8.1
Fire Magic     | 3 4 5 6 8 |  8.0
Spellcasting   | 2 3 |  3.0
Short Blades   | 1 2 |  2.0
Fighting       | 1 3 5 7 |  7.1
Shields        | 4 |  4.0
Armour         | 3 |  3.5
Polearms       | |  2.1
Stealth        | |  1.0

Action                     |  1- 3 |  4- 6 |  7- 9 | 10-12 || total
---------------------------+-------+-------+-------+-------++-------
  Melee: Spear             |    64 |    75 |       |       ||   139
         Peck              |     7 |    21 |    47 |    75 ||   150
         Kick              |    12 |    22 |   102 |   113 ||   249
         Dagger            |       |    17 |   208 |   213 ||   438
         Rapier            |       |     5 |       |     2 ||     7
         Flail             |       |       |   117 |    65 ||   182
  Throw: Stone             |       |       |     2 |       ||     2
   Cast: Foxfire           |    24 |    50 |    62 |    30 ||   166
         Searing Ray       |       |       |     2 |       ||     2
         Sticky Flame      |       |       |       |    26 ||    26
    Use: Scroll            |       |     3 |     8 |     8 ||    19
         Potion            |       |     2 |       |       ||     2
   Stab: Sleeping          |     2 |       |       |       ||     2
 Armour: Leather armour    |     2 |       |       |       ||     2
         Ring mail         |    19 |    19 |    26 |       ||    64
         Scale mail        |       |       |    75 |    81 ||   156
  Dodge: Dodged            |    19 |    40 |   127 |   146 ||   332
  Block: Buckler           |    10 |    15 |   117 |   136 ||   278
         Reflection        |       |       |     3 |     2 ||     5

Table legend: (Time is in decaauts)
 A = Elapsed time spent in this place.
 B = Non-inter-level travel time spent in this place.
 C = Inter-level travel time spent in this place.
 D = Time resting spent in this place.
 E = Time spent auto-exploring this place.
 F = Levels seen in this place.
 G = Mean time per level.
                   A        B        C        D        E       F      G
               +--------+--------+--------+--------+--------+-----+--------+
         Total |  14351 |  13609 |    742 |   3714 |   6893 |  11 | 1304.6 |
       Dungeon |  14044 |  13303 |    741 |   3704 |   6709 |  10 | 1404.4 |
          Lair |    306 |    306 |      0 |      9 |    183 |   1 |  306.0 |
               +--------+--------+--------+--------+--------+-----+--------+

Top non-repeatable levels by time:
    D:10: 2562 daAuts
     D:8: 1563 daAuts
     D:4: 1539 daAuts
     D:3: 1482 daAuts
     D:6: 1307 daAuts
     D:2: 1290 daAuts
     D:9: 1211 daAuts
     D:5: 1119 daAuts
     D:1: 1018 daAuts
     D:7: 948 daAuts
  Lair:1: 306 daAuts
